TOP OF THE 1ST |
Rocky Mountain Nuggets batting - Pitching for Hartford Whalers : RHP Christian Patrick
|
Pitching: RHP Christian Patrick
|
|
Batting: RHB Mark Melton
|
0-0: Foul Ball, location: 2F 0-1: Foul Ball, location: 2F 0-2: Hit by Pitch
|
Batting: RHB Iván Vega
|
0-0: Called Strike 0-1: Fly out, F8 (Popup, 6MD)
|
Batting: LHB Juan Ríos
|
0-0: Called Strike 0-1: Fly out, F2 (Popup, 2LF)
|
Batting: RHB David Verhoeve
|
0-0: Called Strike 0-1: Ball 1-1: Called Strike 1-2: Strikes out swinging
|
Top of the 1st over - 0 run(s), 0 hit(s), 0 error(s), 1 left on base; Rocky Mountain 0 - Hartford 0 |
BOTTOM OF THE 1ST |
Hartford Whalers batting - Pitching for Rocky Mountain Nuggets : RHP Reynaldo Ortíz
|
Pitching: RHP Reynaldo Ortíz
|
|
Batting: RHB Dave O'Day
|
0-0: Called Strike 0-1: Foul Ball, location: 2F 0-2: Ball 1-2: Ball 2-2: Ball 3-2: Ground out 6-3 (Groundball, 6M)
|
Batting: RHB Javier Díaz
|
0-0: Foul Ball, location: 2F 0-1: SINGLE (Line Drive, 7S)
|
Batting: RHB Joe Craig
|
0-0: Called Strike 0-1: Hit by Pitch Javier Díaz to second
|
Batting: RHB Juan Tapia
|
0-0: Foul Ball, location: 2F 0-1: Ball 1-1: Swinging Strike 1-2: Ball 2-2: Strikes out swinging
|
Batting: LHB César Durán
|
0-0: Ball 1-0: Swinging Strike 1-1: Swinging Strike 1-2: Foul Ball, location: 2F 1-2: Ball 2-2: Strikes out swinging
|
Bottom of the 1st over - 0 run(s), 1 hit(s), 0 error(s), 2 left on base; Rocky Mountain 0 - Hartford 0 |
TOP OF THE 2ND |
Rocky Mountain Nuggets batting - Pitching for Hartford Whalers : RHP Christian Patrick
|
Batting: LHB Randy Bowen
|
0-0: Called Strike 0-1: Called Strike 0-2: Ball 1-2: Ground out 4-3 (Groundball, 4)
|
Batting: LHB Javier Sánchez
|
0-0: Called Strike 0-1: Called Strike 0-2: Strikes out swinging
|
Batting: RHB Michael Riley
|
0-0: Ground out 6-3 (Groundball, 6)
|
Top of the 2nd over - 0 run(s), 0 hit(s), 0 error(s), 0 left on base; Rocky Mountain 0 - Hartford 0 |
BOTTOM OF THE 2ND |
Hartford Whalers batting - Pitching for Rocky Mountain Nuggets : RHP Reynaldo Ortíz
|
Batting: RHB Michael Collins
|
0-0: Foul Ball, location: 2F 0-1: Swinging Strike 0-2: Foul Ball, location: 2F 0-2: Foul Ball, location: 2F 0-2: Ball 1-2: Ground out 4-3 (Groundball, 4)
|
Batting: RHB Jared Smith
|
0-0: Ball 1-0: Foul Ball, location: 2F 1-1: Ball 2-1: Foul Ball, location: 2F 2-2: Ball 3-2: Base on Balls
|
Batting: RHB Dave Farr
|
0-0: Called Strike 0-1: Ball 1-1: Foul Ball, location: 2F 1-2: Fly out, F8 (Line Drive, 78M)
|
Batting: RHB Orlando Jiménez
|
0-0: Called Strike 0-1: Ball 1-1: Foul Ball, location: 2F 1-2: Reached on error, E5 (Groundball, 5S) Jared Smith to second
|
Batting: RHB Dave O'Day
|
0-0: Called Strike 0-1: Ball 1-1: Ball 2-1: Ball 3-1: Fielders Choice at 2nd, 6-4 (Groundball, 6)
|
Bottom of the 2nd over - 0 run(s), 0 hit(s), 1 error(s), 1 left on base; Rocky Mountain 0 - Hartford 0 |
TOP OF THE 3RD |
Rocky Mountain Nuggets batting - Pitching for Hartford Whalers : RHP Christian Patrick
|
Batting: SHB Jorge Colomo
|
0-0: Ball 1-0: Ball 2-0: Ball 3-0: Called Strike 3-1: Base on Balls
|
Batting: RHB Juan Ávila
|
0-0: Ball 1-0: Ball 2-0: Foul Ball, location: 2F 2-1: Swinging Strike 2-2: Foul Ball, location: 2F 2-2: Strikes out swinging
|
Batting: RHB Mark Melton
|
0-0: Ball 1-0: Foul Ball, location: 2F 1-1: Swinging Strike 1-2: Strikes out looking
|
Batting: RHB Iván Vega
|
0-0: Ball 1-0: Foul Ball, location: 2F 1-1: DOUBLE (Line Drive, 7LD) Jorge Colomo to third
|
Batting: LHB Juan Ríos
|
0-0: Called Strike 0-1: Foul Ball, location: 2F 0-2: Foul Ball, location: 2F 0-2: SINGLE (Line Drive, 3D) Jorge Colomo scores Iván Vega to third
|
Batting: RHB David Verhoeve
|
0-0: Ball Wild Pitch! Iván Vega scores Juan Ríos to second 1-0: Ball 2-0: Foul Ball, location: 2F 2-1: Ball 3-1: Base on Balls
|
Batting: LHB Randy Bowen
|
0-0: Ball 1-0: Fly out, F5 (Popup, 5SF)
|
Top of the 3rd over - 2 run(s), 2 hit(s), 0 error(s), 2 left on base; Rocky Mountain 2 - Hartford 0 |
BOTTOM OF THE 3RD |
Hartford Whalers batting - Pitching for Rocky Mountain Nuggets : RHP Reynaldo Ortíz
|
Batting: RHB Javier Díaz
|
0-0: Swinging Strike 0-1: Ball 1-1: Ball 2-1: SINGLE (Line Drive, 4MD)
|
Batting: RHB Joe Craig
|
0-0: Ball 1-0: Ball 2-0: Ball 3-0: Base on Balls Javier Díaz to second
|
Batting: RHB Juan Tapia
|
0-0: Swinging Strike 0-1: Ball 1-1: Grounds into double play, 6-4-3 (Groundball, 6M) Javier Díaz to third
|
Batting: LHB César Durán
|
0-0: Swinging Strike 0-1: Ball 1-1: Ball 2-1: Foul Ball, location: 2F 2-2: Strikes out swinging
|
Bottom of the 3rd over - 0 run(s), 1 hit(s), 0 error(s), 1 left on base; Rocky Mountain 2 - Hartford 0 |
TOP OF THE 4TH |
Rocky Mountain Nuggets batting - Pitching for Hartford Whalers : RHP Christian Patrick
|
Batting: LHB Javier Sánchez
|
0-0: Ball 1-0: Swinging Strike 1-1: Ball 2-1: Ground out 4-3 (Groundball, 4)
|
Batting: RHB Michael Riley
|
0-0: Ball 1-0: Fly out, F5 (Popup, 5DF)
|
Batting: SHB Jorge Colomo
|
0-0: Called Strike 0-1: Ball 1-1: Swinging Strike 1-2: Foul Ball, location: 2F 1-2: Fly out, F7 (Popup, 78S)
|
Top of the 4th over - 0 run(s), 0 hit(s), 0 error(s), 0 left on base; Rocky Mountain 2 - Hartford 0 |
BOTTOM OF THE 4TH |
Hartford Whalers batting - Pitching for Rocky Mountain Nuggets : RHP Reynaldo Ortíz
|
Batting: RHB Michael Collins
|
0-0: Swinging Strike 0-1: Foul Ball, location: 2F 0-2: Strikes out swinging
|
Batting: RHB Jared Smith
|
0-0: Ball 1-0: Foul Ball, location: 2F 1-1: Ball 2-1: Ball 3-1: Base on Balls
|
Batting: RHB Dave Farr
|
0-0: Ball 1-0: Called Strike 1-1: TRIPLE (Line Drive, 8RM) Jared Smith scores
|
Batting: RHB Orlando Jiménez
|
0-0: Ball 1-0: Ball 2-0: Foul Ball, location: 2F 2-1: Ball 3-1: SINGLE (Line Drive, 6M) Dave Farr scores
|
Batting: RHB Dave O'Day
|
0-0: Called Strike 0-1: Foul Ball, location: 2F 0-2: Ball 1-2: Strikes out swinging
|
Batting: RHB Javier Díaz
|
0-0: Foul Ball, location: 2F 0-1: Ball 1-1: Ball 2-1: SINGLE (Groundball, 56) Orlando Jiménez to second
|
Batting: RHB Joe Craig
|
0-0: Ball 1-0: Called Strike 1-1: SINGLE (Line Drive, 56) Orlando Jiménez to third Javier Díaz to second
|
Batting: RHB Juan Tapia
|
0-0: Fly out, F4 (Popup, 4MD)
|
Bottom of the 4th over - 2 run(s), 4 hit(s), 0 error(s), 3 left on base; Rocky Mountain 2 - Hartford 2 |
TOP OF THE 5TH |
Rocky Mountain Nuggets batting - Pitching for Hartford Whalers : RHP Christian Patrick
|
Batting: RHB Juan Ávila
|
0-0: Foul Ball, location: 2F 0-1: Ground out 6-3 (Groundball, 6M)
|
Batting: RHB Mark Melton
|
0-0: Ball 1-0: Foul Ball, location: 2F 1-1: Swinging Strike 1-2: Ball 2-2: Ball 3-2: Foul Ball, location: 2F 3-2: Base on Balls
|
Batting: RHB Iván Vega
|
0-0: Called Strike 0-1: Ball 1-1: Ball 2-1: DOUBLE (Flyball, 9D) Mark Melton to third
|
Batting: LHB Juan Ríos
|
0-0: Ball 1-0: Foul Ball, location: 2F 1-1: Ball 2-1: Ball 3-1: Fly out, F8 (Flyball, 8RXD) Runner from 3rd tags up, SCORES, no throw Iván Vega to third
|
Batting: RHB David Verhoeve
|
0-0: Fly out, F7 (Flyball, 78S)
|
Top of the 5th over - 1 run(s), 1 hit(s), 0 error(s), 1 left on base; Rocky Mountain 3 - Hartford 2 |
BOTTOM OF THE 5TH |
Hartford Whalers batting - Pitching for Rocky Mountain Nuggets : RHP Reynaldo Ortíz
|
Batting: LHB César Durán
|
0-0: Ball 1-0: Foul Ball, location: 2F 1-1: Ground out 4-3 (Groundball, 4)
|
Batting: RHB Michael Collins
|
0-0: Ball 1-0: Ground out 4-3 (Groundball, 4)
|
Batting: RHB Jared Smith
|
0-0: Ball 1-0: Ball 2-0: Fly out, F7 (Flyball, 78XD)
|
Bottom of the 5th over - 0 run(s), 0 hit(s), 0 error(s), 0 left on base; Rocky Mountain 3 - Hartford 2 |
TOP OF THE 6TH |
Rocky Mountain Nuggets batting - Pitching for Hartford Whalers : RHP Christian Patrick
|
Batting: LHB Randy Bowen
|
0-0: Foul Ball, location: 2F 0-1: Ball 1-1: Reached on error, E2 (Groundball, 2R)
|
Batting: LHB Javier Sánchez
|
0-0: Bunted foul 0-1: Ball 1-1: Bunted foul 1-2: Strikes out swinging
|
Batting: RHB Michael Riley
|
0-0: Ball 1-0: Ball 2-0: Called Strike 2-1: Foul Ball, location: 2F 2-2: Strikes out swinging
|
Batting: SHB Jorge Colomo
|
0-0: Called Strike 0-1: Ball 1-1: Foul Ball, location: 2F 1-2: Ball 2-2: Ground out U3 (Groundball, 3S)
|
Top of the 6th over - 0 run(s), 0 hit(s), 1 error(s), 1 left on base; Rocky Mountain 3 - Hartford 2 |
BOTTOM OF THE 6TH |
Hartford Whalers batting - Pitching for Rocky Mountain Nuggets : RHP Reynaldo Ortíz
|
Batting: RHB Dave Farr
|
0-0: Foul Ball, location: 2F 0-1: Ball 1-1: Foul Ball, location: 2F 1-2: Ground out 6-3 (Groundball, 6)
|
Batting: RHB Orlando Jiménez
|
0-0: Ball 1-0: Ball 2-0: Foul Ball, location: 2F 2-1: Ground out 6-3 (Groundball, 6)
|
Batting: RHB Dave O'Day
|
0-0: Foul Ball, location: 2F 0-1: Called Strike 0-2: Fly out, F2 (Popup, 2LF)
|
Bottom of the 6th over - 0 run(s), 0 hit(s), 0 error(s), 0 left on base; Rocky Mountain 3 - Hartford 2 |
TOP OF THE 7TH |
Rocky Mountain Nuggets batting - Pitching for Hartford Whalers : RHP Christian Patrick
|
Batting: RHB Juan Ávila
|
0-0: Called Strike 0-1: Ball 1-1: Foul Ball, location: 2F 1-2: Foul Ball, location: 2F 1-2: Ball 2-2: Foul Ball, location: 2F 2-2: Foul Ball, location: 2F 2-2: Ball 3-2: Reached on error, E5 (Groundball, 56)
|
Batting: RHB Mark Melton
|
0-0: Bunted foul 0-1: Ball 1-1: Sac Bunt - play at first, batter OUT! 1-4 Juan Ávila to second
|
Batting: RHB Iván Vega
|
0-0: Intentional Walk
|
Pitching: LHP Jason Hoskins
|
|
Pinch Hitting: RHB Mike Green
|
0-0: Ball 1-0: Foul Ball, location: 2F 1-1: Called Strike 1-2: TRIPLE (Line Drive, 7LS) Juan Ávila scores Iván Vega scores
|
Batting: RHB David Verhoeve
|
0-0: Intentional Walk
|
Batting: LHB Randy Bowen
|
0-0: Called Strike 0-1: Ball 1-1: Reached on error, E5 (Groundball, 56S) Mike Green scores David Verhoeve to second
|
Batting: LHB Javier Sánchez
|
0-0: SINGLE (Groundball, 4MD) David Verhoeve to third Randy Bowen to second Runner from 3rd tries for Home, SAFE, throw made home Randy Bowen to third Javier Sánchez to second
|
Batting: RHB Michael Riley
|
0-0: Ball 1-0: Foul Ball, location: 2F 1-1: Ball 2-1: SINGLE (Groundball, 56D) Randy Bowen scores Javier Sánchez to third Runner from 3rd tries for Home, throw and OUT! Michael Riley to second
|
Batting: SHB Jorge Colomo
|
0-0: Ball 1-0: Foul Ball, location: 2F 1-1: Fly out, F9 (Flyball, 9LSF)
|
Top of the 7th over - 5 run(s), 3 hit(s), 2 error(s), 1 left on base; Rocky Mountain 8 - Hartford 2 |
BOTTOM OF THE 7TH |
Hartford Whalers batting - Pitching for Rocky Mountain Nuggets : RHP Reynaldo Ortíz
|
Now in RF: Mike Green
|
|
Batting: RHB Javier Díaz
|
0-0: Called Strike 0-1: Ball 1-1: Ball 2-1: Foul Ball, location: 2F 2-2: Foul Ball, location: 2F 2-2: Ball 3-2: Strikes out swinging
|
Pitching: RHP Juan Carlos Maestas
|
|
Batting: RHB Joe Craig
|
0-0: Fly out, F8 (Flyball, 8LM)
|
Batting: RHB Juan Tapia
|
0-0: Reached on error, E5 (Groundball, 5S)
|
Batting: LHB César Durán
|
0-0: Called Strike 0-1: Foul Ball, location: 2F 0-2: Ball 1-2: Ball 2-2: Strikes out looking
|
Bottom of the 7th over - 0 run(s), 0 hit(s), 1 error(s), 1 left on base; Rocky Mountain 8 - Hartford 2 |
TOP OF THE 8TH |
Rocky Mountain Nuggets batting - Pitching for Hartford Whalers : LHP Jason Hoskins
|
Batting: RHB Juan Ávila
|
0-0: Called Strike 0-1: Ball 1-1: Ball 2-1: Hit by Pitch
|
Batting: RHB Mark Melton
|
0-0: Sac Bunt - play at first, batter OUT! 1-4 Juan Ávila to second
|
Batting: RHB Iván Vega
|
0-0: Ball 1-0: Swinging Strike 1-1: Ball 2-1: TRIPLE (Line Drive, 5L) Juan Ávila scores
|
Batting: RHB Mike Green
|
0-0: Ball 1-0: Ball 2-0: Ball 3-0: Base on Balls
|
Batting: RHB David Verhoeve
|
0-0: Swinging Strike 0-1: Grounds into double play, 1-6-3 (Groundball, 15S)
|
Top of the 8th over - 1 run(s), 1 hit(s), 0 error(s), 1 left on base; Rocky Mountain 9 - Hartford 2 |
BOTTOM OF THE 8TH |
Hartford Whalers batting - Pitching for Rocky Mountain Nuggets : RHP Juan Carlos Maestas
|
Batting: RHB Michael Collins
|
0-0: Foul Ball, location: 2F 0-1: Fly out, F9 (Flyball, 9M)
|
Batting: RHB Jared Smith
|
0-0: Ball 1-0: Called Strike 1-1: Ball 2-1: SINGLE (Line Drive, 6D)
|
Batting: RHB Dave Farr
|
0-0: Ground out 5-3 (Groundball, 56S) Jared Smith to second
|
Batting: RHB Orlando Jiménez
|
0-0: Swinging Strike 0-1: Ball 1-1: Foul Ball, location: 2F 1-2: Fly out, F8 (Flyball, 8LS)
|
Bottom of the 8th over - 0 run(s), 1 hit(s), 0 error(s), 1 left on base; Rocky Mountain 9 - Hartford 2 |
TOP OF THE 9TH |
Rocky Mountain Nuggets batting - Pitching for Hartford Whalers : LHP Jason Hoskins
|
Pitching: RHP Ernest White
|
|
Batting: LHB Randy Bowen
|
0-0: Ball 1-0: Swinging Strike 1-1: SINGLE (Line Drive, 9LM)
|
Batting: LHB Javier Sánchez
|
0-0: Ball 1-0: Ball 2-0: Sac Bunt - play at first, batter OUT! 1-3 Randy Bowen to second
|
Batting: RHB Michael Riley
|
0-0: Ball 1-0: Called Strike 1-1: Ground out 5-3 (Groundball, 56)
|
Batting: SHB Jorge Colomo
|
0-0: Ball 1-0: Called Strike 1-1: Foul Ball, location: 2F 1-2: Foul Ball, location: 2F 1-2: Ball 2-2: Ball 3-2: Reached on Error, E8 (Line Drive, 8LM) Randy Bowen scores
|
Batting: RHB Juan Ávila
|
0-0: Ball 1-0: Ball 2-0: Ball 3-0: Base on Balls
|
Batting: RHB Mark Melton
|
0-0: Called Strike 0-1: Foul Ball, location: 2F 0-2: SINGLE (Flyball, 78S) Jorge Colomo to third Juan Ávila to second
|
Batting: RHB Iván Vega
|
0-0: Ball 1-0: Ball 2-0: Ball 3-0: Called Strike 3-1: Fly out, F3 (Popup, 34)
|
Top of the 9th over - 1 run(s), 2 hit(s), 1 error(s), 3 left on base; Rocky Mountain 10 - Hartford 2 |
BOTTOM OF THE 9TH |
Hartford Whalers batting - Pitching for Rocky Mountain Nuggets : RHP Juan Carlos Maestas
|
Batting: RHB Dave O'Day
|
0-0: Ball 1-0: Called Strike 1-1: Ground out 5-3 (Groundball, 5L)
|
Batting: RHB Javier Díaz
|
0-0: Ball 1-0: Called Strike 1-1: Called Strike 1-2: Strikes out looking
|
Batting: RHB Joe Craig
|
0-0: Ground out 5-3 (Groundball, 56S)
|
Bottom of the 9th over - 0 run(s), 0 hit(s), 0 error(s), 0 left on base; Rocky Mountain 10 - Hartford 2 |
|